 Dungeon Crawl Stone Soup version 0.22.0-16-gc6d26f6 (webtiles) character file.

71 letownia2 the Insei (level 4, -5/34 HPs)
             Began as a Demonspawn Transmuter on Aug 17, 2018.
             Slain by a centaur
             ... wielding a cursed +0 shortbow
              (7 damage)
             ... on level 4 of the Dungeon.
             The game lasted 00:08:34 (1736 turns).

letownia2 the Insei (Demonspawn Transmuter)         Turns: 1736, Time: 00:08:35

Health: -5/34      AC:  5    Str: 11    XL:     4   Next: 5%
Magic:  0/7        EV: 16    Int: 19    God:
Gold:   135        SH:  0    Dex: 21    Spells: 1/7 levels left

rFire    . . .     SeeInvis .     - Unarmed
rCold    . . .     Gourm    .   (no shield)
rNeg     . . .     Faith    .   p - +0 ring mail
rPois    .         Spirit   +   (no helmet)
rElec    .         Reflect  .   (no cloak)
rCorr    .         Harm     .   (no gloves)
MR       .....                  (no boots)
Stlth    +++.......             (no amulet)
HPRegen  0.11/turn              (no ring)
MPRegen  0.20/turn              (no ring)

@: brilliant, agile, appendage (expiring), hasted, very quick
A: horns 2, thin skeletal structure 1, blurry vision 1, sense surroundings 1,
magic shield, magic regeneration
a: End Transformation


You were on level 4 of the Dungeon.
You were hungry.
You had grown temporary horns.
You visited 1 branch of the dungeon, and saw 5 of its levels.

You collected 135 gold pieces.

Inventory:

Hand Weapons
 d - a +0 hunting sling
Missiles
 a - 49 arrows
 f - 12 tomahawks (quivered)
 g - 27 sling bullets
 s - 78 stones
Armour
 b - a +0 robe
 m - a +0 chain mail
 n - a +0 leather armour
 p - a +0 ring mail (worn)
Scrolls
 c - 2 scrolls of identify {unknown}
 e - a scroll of noise {unknown}
 j - 2 scrolls of enchant armour {unknown}
 k - 2 scrolls of teleportation {unknown}
 o - a scroll of fear {unknown}
Potions
 l - a potion of cancellation
Comestibles
 r - 3 rations


   Skills:
 + Level 2.8 Fighting
 - Level 1.7 Dodging
 + Level 3.7 Unarmed Combat
 - Level 2.0 Spellcasting
 - Level 1.7 Transmutations


You had one spell level left.
You knew the following spells:

 Your Spells              Type           Power        Failure   Level  Hunger
a - Beastly Appendage     Tmut           ###...       2%          1    #......
l - Sticks to Snakes      Tmut           ###.....     3%          2    ###....
p - Spider Form           Tmut/Pois      ###.......   10%         3    ###....

Your spell library contained the following spells:

 Spells                   Type           Power        Failure   Level  Hunger
 Animate Dead             Necr           N/A          36%         4    #####..
 Pain                     Necr           ##..         4%          1    #......
 Animate Skeleton         Necr           N/A          4%          1    #......
 Vampiric Draining        Necr           ##........   13%         3    ###....
 Regeneration             Chrm/Necr      ##........   13%         3    ###....
 Blade Hands              Tmut           ###.......   45%         5    ######.
 Ice Form                 Ice/Tmut       ###.....     28%         4    #####..


Dungeon Overview and Level Annotations

Branches:
Dungeon (5/15)
 Temple: D:4-7

Altars:
Dithmenos
Okawaru
Qazlal
Sif Muna


Innate Abilities, Weirdness & Mutations

You have a somewhat thin skeletal structure. (Dex +2, Stealth)
When hurt, damage is shared between your health and your magic reserves.
You regenerate magic rapidly.
You have a pair of horns on your head.
Scrolls take you a little longer to read.
You passively map a small area around you.


Message History

The centaur hits you but does no damage.
It was a potion of brilliance.
You feel clever all of a sudden. The centaur barely misses you.
The frilled lizard closely misses you.
You hit the centaur.
The centaur is heavily wounded.
The centaur hits you with a shortbow!
* * * LOW HITPOINT WARNING * * *
The frilled lizard bites you but does no damage.
The centaur hits you with a shortbow.
* * * LOW HITPOINT WARNING * * *
It was a potion of haste.
You feel yourself speed up. The centaur hits you with a shortbow.
* * * LOW HITPOINT WARNING * * *
The frilled lizard bites you but does no damage.
Unknown command.
It was a potion of agility.
You feel agile all of a sudden. The centaur hits you with a shortbow!
You die...

.'......### #.......#..'....
.#.....####### #.......'..#....
.#.....#≈≈≈≈≈# #.......#..#....
##.....#≈...≈# #.......#####...
.###..)).._.(#####..###......#...
...#...#)...≈#...#....#......#...
...'...#≈≈≈≈≈#........#......# ..
...#...#######..l##..##......####
####....#.....?c@##..#...........
#....#............#...........
#....#............#...........
#....#..##....##.(#...........
####....#. #....##'##...........
...#....# ......#........####+##
...#....# .......+........#.....+
...#....# .......#........+ ....#
..##....##########........####'##


You could see a centaur and a frilled lizard.

Vanquished Creatures
  An adder (D:3)
  An ooze (D:1)
  An adder skeleton (D:4)
  A leopard gecko (D:3)
  5 orcs
  10 goblins
  9 hobgoblins
  2 jackals (D:3)
  5 bats
  5 kobolds
  5 rats
45 creatures vanquished.

Notes
Turn   | Place    | Note
-------+----------+-------------------------------------------
     0 | D:1      | letownia2 the Demonspawn Transmuter began the quest for the Orb.
     0 | D:1      | Reached XP level 1. HP: 15/15 MP: 3/3
   164 | D:1      | Reached skill level 3 in Unarmed Combat
   168 | D:1      | Gained mutation: When hurt, damage is shared between your health and your magic reserves. [demonic ancestry]
   168 | D:1      | Reached XP level 2. HP: 8/21 MP: 3/5
   644 | D:2      | Gained mutation: You have a somewhat thin skeletal structure. (Dex +2, Stealth) [demonic ancestry]
   644 | D:2      | Reached XP level 3. HP: 22/27 MP: 3/6
   691 | D:2      | Learned a level 2 spell: Sticks to Snakes
   695 | D:2      | Learned a level 3 spell: Spider Form
   743 | D:3      | Found a stormy altar of Qazlal.
  1405 | D:4      | Found a shadowy altar of Dithmenos.
  1482 | D:4      | Found a deep blue altar of Sif Muna.
  1495 | D:5      | Entered Level 5 of the Dungeon
  1495 | D:5      | Noticed a sky beast
  1531 | D:4      | Found an iron altar of Okawaru.
  1641 | D:4      | Gained mutation: You regenerate magic rapidly. [demonic ancestry]
  1641 | D:4      | Reached XP level 4. HP: 6/34 MP: 1/7
  1720 | D:4      | Noticed a centaur
  1724 | D:4      | HP: 1/34 [centaur/shortbow (4)]
  1727 | D:4      | Gained mutation: Scrolls take you a little longer to read. [potion of mutation]
  1727 | D:4      | Gained mutation: You passively map a small area around you. [potion of mutation]
  1736 | D:4      | Slain by a centaur

Skill      XL: |  1  2 |
---------------+-------+-----
Unarmed Combat | 3 |  3.7
Fighting       | 2 |  2.8
Dodging        | |  1.7
Spellcasting   | |  2.0
Transmutations | |  1.7

Action                   |  1- 3 |  4- 6 || total
-------------------------+-------+-------++-------
Melee: Unarmed           |   168 |     9 ||   177
       Kick              |    10 |     1 ||    11
       Punch             |     3 |       ||     3
       Headbutt          |    10 |       ||    10
 Cast: Beastly Appendage |    29 |     1 ||    30
  Use: Potion            |       |     6 ||     6
  Eat: Chunk             |     2 |     1 ||     3
Armor: Robe              |    13 |       ||    13
       Leather armour    |    13 |       ||    13
       Ring mail         |     7 |     6 ||    13
Dodge: Dodged            |   114 |    10 ||   124
